 Dungeon Crawl Stone Soup version 0.31-a0-1626-g5cb510d322 (webtiles) character file.

Game seed: 156603783832938684

4316 mopl the Grappler (level 10, -1/72 HPs)
             Began as a Djinni Shapeshifter on Jan 12, 2024.
             Was a Follower of Uskayaw.
             Killed by divine providence
             ... invoked by an orc priest
              (17 damage)
             ... on level 9 of the Dungeon.
             The game lasted 00:09:07 (7886 turns).

mopl the Grappler (Djinni Shapeshifter)             Turns: 7886, Time: 00:09:08

Health: -1/72      AC:  5    Str: 17    XL:     10   Next: 58%
Gold:   15         EV: 12    Int: 13    God:    Uskayaw [*.....] SH:  4 Dex: 18

rFire   + .          .
                       - Unarmed
rCold   . . .        m - +0 buckler
rNeg    . . .        O - +0 steam dragon scales
rPois   ∞            (helmet currently unavailable)
rElec   .            (cloak currently unavailable)
rCorr   .            (gloves currently unavailable)
SInv    .            (boots unavailable)
Will    +....        (no amulet)
Stlth   ++           L - +6 ring of dexterity
HPRegen 0.32/turn    D - ring of ice
MPRegen 0.00/turn

%: infuse magic (-2 HP)
@: beast-form, flying
A: beast (slay +4), flying, sickness immunity, fire resistance 2, cold
vulnerability 1, float, innate caster, HP casting, extra vitality 1
a: Begin Untransformation, Renounce Religion, Stomp


You were on level 9 of the Dungeon.
You worshipped Uskayaw.
Uskayaw was noncommittal.
You were a hulking beast.
You visited 2 branches of the dungeon, and saw 10 of its levels.

You collected 360 gold pieces.
You spent 345 gold pieces at shops.

Inventory:

Hand Weapons
 y - a +2 spear of freezing
 E - the +8 broad axe of Wecouq {venom, Int+2}
   (You found it on level 5 of the Dungeon)

   Int+2:     It affects your intelligence (+2).
Missiles
 n - 6 curare-tipped darts (quivered)
 w - a throwing net
 K - 5 poisoned darts
 S - 2 javelins
Armour
 m - a +0 buckler (worn)
 F - a +0 pair of gloves
 H - a +0 cloak
 O - +0 steam dragon scales (worn)
 Q - a +2 helmet
Jewellery
 i - a ring of positive energy
 p - a ring of wizardry
 D - a ring of ice (right hand)
 L - a +6 ring of dexterity (left hand)
Talismans
 c - a beast talisman
 d - a flux talisman
 f - a blade talisman
Wands
 e - a wand of light (2)
 l - a wand of digging (6)
 q - a wand of mindburst (23)
 G - a wand of flame (39)
Scrolls
 g - 3 scrolls of teleportation {unknown}
 h - 2 scrolls of acquirement {unknown}
 j - 4 scrolls of immolation {unknown}
 k - 4 scrolls of identify {unknown}
 v - a scroll of vulnerability {unknown}
 x - 3 scrolls of revelation
 z - 3 scrolls of blinking
 A - a scroll of torment {unknown}
 B - 2 scrolls of brand weapon {unknown}
 I - a scroll of enchant armour {unknown}
 M - a scroll of noise {unknown}
 N - 2 scrolls of poison {unknown}
Potions
 a - 2 potions of attraction {unknown}
 b - 2 potions of lignification {!q}
 o - 2 potions of heal wounds {unknown}
 r - 7 potions of curing {unknown}
 s - a potion of mutation {unknown}
 t - 4 potions of haste {unknown}
 u - 2 potions of degeneration {unknown}
 C - 3 potions of magic {unknown}
 J - a potion of berserk rage {unknown}
 P - a potion of enlightenment {unknown}
 R - a potion of invisibility {unknown}
 T - a potion of brilliance


   Skills:
 + Level 6.0 Fighting
 - Level 2.1 Dodging
 * Level 9.1 Unarmed Combat
 + Level 5.7 Invocations
 * Level 7.7 Shapeshifting


You knew the following spells:

 Your Spells              Type           Power      Damage    Failure   Level
a - Summon Small Mammal   Summ           0%         N/A       38%         1
b - Mercury Vapours       Alch/Air       0%         N/A       52%         2
c - Hailstorm             Conj/Ice       0%         3d5       77%         3
d - Dazzling Flash        Conj/Hex       0%         N/A       77%         3
Your spell library was empty.

Dungeon Overview and Level Annotations

Branches:
Dungeon (9/15)             Temple (1/1) D:7             Orc (0/2) D:9
   Lair: D:8-11

Altars:
Ashenzari
Cheibriados
Dithmenos
Elyvilon
Fedhas
Gozag
Hepliaklqana
Makhleb
Nemelex Xobeh
Qazlal
Ru
Trog
Uskayaw
Wu Jian
Xom
Yredelemnul
Zin

Shops:
D:8 =*


Innate Abilities, Weirdness & Mutations

You are a hulking beast.
Your limbs bulge with bestial killing power. (Slay +4)
You are flying.
You are immune to sickness and miasma.
You are immune to poison.
Your flesh is very heat resistant. (rF++)
You are vulnerable to cold. (rC-)
You float through the air rather than walking.
You learn spells naturally, not from books.
Your magical power is your life essence.
You have superior vitality. (+4 MHP)


Message History

The howler monkey hoots and howls with incredible vigour!
You hear a shout! x2
The howler monkey barely misses you.
The orc warrior hits you with a +0 short sword!
You hit the orc warrior but do no damage.
The howler monkey hits you but does no damage.
You block the orc's attack.
You closely miss the howler monkey.
The howler monkey completely misses you.
A centaur comes into view.
You punch the howler monkey!
The howler monkey is moderately wounded.
The howler monkey hits you.
The centaur wields a +0 shortbow.
The centaur shoots an arrow.
The arrow hits you!
The howler monkey hoots and howls with incredible vigour!
You hear a shout!
You hear a howl! x2; You hear a croak.
The howler monkey attacks as it pursues you!
The howler monkey hits you.
The centaur shoots an arrow.
You block the arrow.
The howler monkey hoots and howls with incredible vigour!
You hear a shout!
You hear a howl!
You hear a loud, deep croak!
The centaur shoots an arrow.
The arrow hits you!
The centaur shoots an arrow.
The arrow hits you but does no damage.
You can no longer pass through a line of other dancers.
The centaur shoots an arrow.
The arrow barely misses you.
The centaur shoots an arrow.
The arrow hits you!
* * * LOW HITPOINT WARNING * * *
An orc priest comes into view. It is wielding a +0 mace.
The centaur shoots an arrow.
The arrow closely misses you.
The centaur shoots an arrow.
The arrow misses you.
An orc comes into view. It is wielding a +0 hand axe.
Found a scroll of revelation.
The orc shouts!
An orc comes into view. It is wielding a +0 club.
An orc priest comes into view. It is wielding a +0 club.
The centaur shoots an arrow.
The arrow hits you.
* * * LOW HITPOINT WARNING * * *
The orc priest invokes the aid of Beogh against you.
Beogh smites you!
You die...

### .?. ... ##.. .##
....#############....
.....................
#........c.#
#.h#######o#
#..#######.#
#####<.....##..######
........................
......###..≈≈≈≈≈≈≈≈≈.###
...>oo ##.≈.......≈.#
#..o. #.≈.#####.≈.#
#8..o #.≈.# .≈... ###'
#......# .≈....


You could see a centaur, 2 orc priests and 2 orcs.

Vanquished Creatures
  Maggie (D:7)
  Grinder (D:3)
  2 wyverns (D:8)
  6 yaks (D:8)
  3 water moccasins
  Duvessa (D:6)
  An orc warrior (D:7)
  3 black bears
  An ice beast (D:7)
  An ogre (D:6)
  2 phantoms
  2 bullfrogs
  3 scorpions
  Dowan (D:6)
  4 killer bees (D:8)
  5 howler monkeys
  6 bombardier beetles
  A hound (D:7)
  2 jellies
  Crazy Yiuf (D:5)
  A gnoll bouda (D:6)
  A sleepcap (D:4)
  5 iguanas
  2 orc wizards
  8 gnolls
  5 adders
  2 shadow imps
  3 white imps
  An adder zombie (D:2)
  An adder skeleton (D:2)
  2 dart slugs
  2 ribbon worms
  18 orcs
  6 endoplasms
  2 giant cockroaches
  6 goblins
  8 hobgoblins
  4 jackals (D:1)
  7 kobolds
  4 quokkas
  10 ball pythons
  4 ball python skeletons (D:2)
  A ball python zombie (D:2)
  5 bats
  A frilled lizard (D:2)
  A quokka skeleton (D:2)
  6 rats
163 creatures vanquished.

Notes
Turn   | Place    | Note
-------+----------+-------------------------------------------
     0 | D:1      | mopl the Djinni Shapeshifter began the quest for the Orb.
     0 | D:1      | Reached XP level 1. HP: 17/17 MP: 0/0
   200 | D:1      | Reached XP level 2. HP: 7/22 MP: 0/0
   247 | D:1      | Found a faded altar of an unknown god.
   263 | D:1      | Prayed at the altar of an unknown god.
   263 | D:1      | Became a worshipper of Uskayaw the Reveller
   263 | D:1      | Reached * piety under Uskayaw
   270 | D:1      | Reached ** piety under Uskayaw
   307 | D:1      | Reached skill level 3 in Shapeshifting
   313 | D:1      | Reached *** piety under Uskayaw
   314 | D:1      | Reached XP level 3. HP: 23/27 MP: 0/0
   314 | D:1      | Learned a level 1 spell: Summon Small Mammal
  1022 | D:2      | Reached XP level 4. HP: 28/32 MP: 0/0
  1168 | D:2      | Reached skill level 1 in Invocations
  1633 | D:3      | Noticed a scorpion
  1649 | D:3      | Killed a scorpion
  1650 | D:3      | Reached skill level 2 in Fighting
  1650 | D:3      | Reached skill level 4 in Unarmed Combat
  1650 | D:3      | Reached XP level 5. HP: 26/38 MP: 0/0
  1650 | D:3      | Learned a level 2 spell: Mercury Vapours
  1658 | D:3      | Reached **** piety under Uskayaw
  1836 | D:3      | Found a burning altar of Makhleb.
  1935 | D:3      | Reached XP level 6. HP: 16/44 MP: 0/0
  2307 | D:3      | Noticed Grinder
  2313 | D:3      | Killed Grinder
  2314 | D:3      | Reached skill level 5 in Unarmed Combat
  2314 | D:3      | Reached skill level 2 in Invocations
  2314 | D:3      | Reached skill level 4 in Shapeshifting
  2314 | D:3      | Reached XP level 7. HP: 49/49 MP: 0/0
  2314 | D:3      | Learned a level 3 spell: Hailstorm
  2530 | D:4      | Reached skill level 3 in Fighting
  2627 | D:4      | Noticed a water moccasin
  2639 | D:4      | Killed a water moccasin
  3076 | D:5      | Entered Level 5 of the Dungeon
  3078 | D:5      | Noticed a water moccasin
  3097 | D:5      | Killed a water moccasin
  3098 | D:5      | Reached skill level 3 in Invocations
  3098 | D:5      | Reached XP level 8. HP: 29/56 MP: 0/0
  3111 | D:5      | Reached skill level 5 in Shapeshifting
  3242 | D:5      | Reached skill level 6 in Unarmed Combat
  3713 | D:5      | Found a runed translucent door.
  3714 | D:5      | Noticed Crazy Yiuf
  3869 | D:5      | Identified the +8 broad axe of Wecouq {venom, Int+2}
  3945 | D:5      | Reached skill level 4 in Fighting
  4248 | D:5      | Killed Crazy Yiuf
  4297 | D:6      | Noticed Duvessa
  4299 | D:6      | Noticed Dowan
  4305 | D:6      | Killed Duvessa
  4308 | D:6      | Killed Dowan
  4309 | D:6      | Reached XP level 9. HP: 36/62 MP: 0/0
  4309 | D:6      | Learned a level 3 spell: Dazzling Flash
  4587 | D:6      | Reached skill level 7 in Unarmed Combat
  4587 | D:6      | Reached skill level 4 in Invocations
  4596 | D:6      | Reached skill level 6 in Shapeshifting
  4965 | D:6      | Found a blossoming altar of Fedhas.
  5399 | D:7      | Found a staircase to the Ecumenical Temple.
  5399 | D:7      | Noticed Maggie
  5411 | D:7      | Killed Maggie
  5412 | D:7      | Reached skill level 5 in Fighting
  5423 | Temple   | Entered the Ecumenical Temple
  5854 | D:7      | Reached skill level 8 in Unarmed Combat
  6389 | D:8      | Found Deudeeqe's Jewellery Shoppe.
  6459 | D:8      | Reached skill level 5 in Invocations
  6459 | D:8      | Reached XP level 10. HP: 57/70 MP: 0/0
  6463 | D:8      | Reached skill level 7 in Shapeshifting
  6970 | D:8      | Reached skill level 9 in Unarmed Combat
  7292 | D:8      | Reached skill level 6 in Fighting
  7522 | D:8      | Found a basalt altar of Yredelemnul.
  7523 | D:8      | Found a shadowy altar of Dithmenos.
  7524 | D:8      | Found a stormy altar of Qazlal.
  7524 | D:8      | Found an opulent altar of Gozag.
  7525 | D:8      | Found a glowing silver altar of Zin.
  7525 | D:8      | Found a hazy altar of Hepliaklqana.
  7527 | D:8      | Found a snail-covered altar of Cheibriados.
  7527 | D:8      | Found a broken altar of Ashenzari.
  7764 | D:8      | Found Muas Ywa's General Store.
  7771 | D:8      | Bought a scroll of blinking for 90 gold pieces
  7771 | D:8      | Bought a scroll of revelation for 90 gold pieces
  7771 | D:8      | Bought a potion of brilliance for 48 gold pieces
  7771 | D:8      | Bought a wand of mindburst (7) for 117 gold pieces
  7854 | D:9      | Found a staircase to the Orcish Mines.
  7886 | D:9      | Killed from afar by an orc priest

Illustrated notes

Levels and vault maps discovered:
D:1:      matt_arrival_spirals, layout_loops_ring, shapermc_ecumenical_altar_gd
D:2:      layout_loops_cross, serial_undead, serial_undead_a, serial_undead_b,
          serial_undead_a, serial_undead_e
D:3:      layout_rooms, mainiacjoe_overflow_catwalk, uniq_grinder
D:4:      layout_cave_pools
D:5:      layout_basic, chequers_hall_statues_corner_a, moated_statue,
          uniq_crazy_yiuf_cottage
D:6:      layout_basic, mainiacjoe_overflow_concentric_impassable,
          hangedman_decor_points, uniq_duvessa
D:7:      layout_gridville, minmay_temple_entry_junction, uniq_maggie
D:8:      layout_basic, nicolae_overflows_in_rows, serial_shops, shop,
          nicolae_shop_hallway_stairs, nicolae_figureground_pulse
D:9:      layout_long_grid, mainiacjoe_overflow_brackets,
          minmay_orc_entry_temple_small
Temple:   hellmonk_temple_rainy

Skill      XL: |  1  2  3  4  5  6  7  8  9 10 |
---------------+-------------------------------+-----
Shapeshifting  | 3 4 5 6 7 |  7.7
Invocations    | 1 2 3 5 |  5.7
Fighting       | 2 3 4 5 6 |  6.0
Unarmed Combat | 4 5 6 8 9 |  9.1
Dodging        | |  2.1

Action                     |  1- 3 |  4- 6 |  7- 9 | 10-12 || total
---------------------------+-------+-------+-------+-------++-------
  Melee: Unarmed           |    96 |   155 |   143 |    32 ||   426
         Punch             |     1 |       |       |       ||     1
         Broad axe         |       |       |    88 |    40 ||   128
  Evoke: Wand              |       |     6 |       |     3 ||     9
   Stab: Paralysed         |     1 |     2 |    10 |     3 ||    16
 Armour: Chain mail        |    49 |   102 |   144 |       ||   295
         Animal skin       |     1 |       |       |       ||     1
         Steam dragon scal |       |       |    23 |    71 ||    94
  Dodge: Dodged            |    19 |    50 |    71 |    46 ||   186
  Block: Buckler           |       |    26 |    38 |    14 ||    78

Table legend: (Time is in decaauts)
 A = Elapsed time spent in this place.
 B = Non-inter-level travel time spent in this place.
 C = Inter-level travel time spent in this place.
 D = Time resting spent in this place.
 E = Time spent auto-exploring this place.
 F = Levels seen in this place.
 G = Mean time per level.
                   A        B        C        D        E       F      G
               +--------+--------+--------+--------+--------+-----+--------+
         Total |   7944 |   7624 |    320 |   1822 |   4395 |  10 |  794.4 |
       Dungeon |   7757 |   7437 |    320 |   1648 |   4395 |   9 |  861.9 |
        Temple |    186 |    186 |      0 |    174 |      0 |   1 |  186.0 |
               +--------+--------+--------+--------+--------+-----+--------+

Top non-repeatable levels by time:
     D:8: 1336 daAuts
     D:5: 1192 daAuts
     D:6: 1104 daAuts
     D:7: 1029 daAuts
     D:1: 956 daAuts
     D:2: 811 daAuts
     D:3: 662 daAuts
     D:4: 634 daAuts
  Temple: 186 daAuts
     D:9: 30 daAuts
